 Dungeon Sprint DCSS version 0.29.1-1-gd02db6906a (webtiles) character file.

Game seed: 15120960160121543488

2242 Arandomuser85 the Imperceptible (level 9, -29/63 HPs)
             Began as an Octopode Brigand on Oct 4, 2022.
             Killed from afar by a lindwurm (36 damage)
             ... with a blast of flame
             ... summoned by Kirke
             ... in the Dungeon (Sprint II: "The Violet Keep of Menkaure").
             The game lasted 00:02:42 (627 turns).

Arandomuser85 the Imperceptible (Octopode Brigand)   Turns: 627, Time: 00:02:44

Health: -29/63     AC:  1    Str: 10    XL:     9   Next: 37%
Magic:  9/9        EV: 22    Int: 14    God:
Gold:   178        SH:  0    Dex: 17    Spells: 8/8 levels left

rFire   . . .      SeeInvis .   h - +4 dagger (venom)
rCold   . . .      Faith    .   (no shield)
rNeg    . . .      Spirit   .   (helmet restricted)
rPois   .          Reflect  .   (no amulet)
rElec   .          Harm     .   k - +4 ring of evasion
rCorr   .          Rampage  .   (no ring)
Will    .....      NoTele   +   (no ring)
Stlth   ++++++++++              (no ring)
HPRegen 0.20/turn               (no ring)
MPRegen 0.11/turn               (no ring)
                                (no ring)
                                (no ring)

@: hasted, very quick
A: almost no armour, amphibious, 8 rings, camouflage 1, gelatinous body 1,
nimble swimmer 1, tentacles
a: no special abilities


You were in the Dungeon.
You visited 1 branch You collected 976 gold pieces.
You spent 798 gold pieces at shops.

Inventory:

Hand Weapons
 a - a +2 dagger
 h - a +4 dagger of venom (weapon)
 j - a +2 short sword of holy wrath
Missiles
 b - 9 poisoned darts (quivered)
 c - 3 curare-tipped darts
Jewellery
 k - a +4 ring of evasion (left tentacle)
Potions
 g - 2 potions of magic


   Skills:
 + Level 6.5 Fighting
 * Level 9.5 Short Blades
 - Level 2.0 Throwing
 * Level 9.1 Dodging
 + Level 21.3 Stealth


You had 8 spell levels left.
You didn't know any spells.
Your spell library was empty.

Dungeon Overview and Level Annotations

Branches:
Dungeon (1/1)

Altars:

Shops:
D *=:[(=?(:!:[[!=

Annotations:
D exclusions: ice statue and oklob plant, Kirke


Innate Abilities, Weirdness & Mutations

You cannot wear most types of armour.
You are amphibious.
You can wear up to eight rings at the same time.
Your skin changes colour to match your surroundings (Stealth+).
Your rubbery body absorbs attacks. (AC +1, EV +1)
You are camouflaged when in or above water. (Stealth+)
You have tentacles for arms and can constrict up to eight enemies at once.


Message History

The yaktaur captain hits you!
You hit the yaktaur captain but do no damage.
The yaktaur captain looks as sick as possible!
The yaktaur captain is moderately wounded.
You puncture the yaktaur captain!
The yaktaur captain looks as sick as possible!
The yaktaur captain is moderately wounded.
The yaktaur captain hits you!
* * * LOW HITPOINT WARNING * * *
Kirke gestures wildly while chanting.
Kirke summons a lindwurm!
Blink to where?
Press: ? - help, Q - select action, (/) - cycle Dir - move target Floosh!
As you read the scroll of blinking, it crumbles to dust.
You feel better.
Unknown command.
You feel yourself speed up. The lindwurm closely misses you. x3
The great orb of eyes turns its gaze towards you.
You hit the lindwurm but do no damage.
The lindwurm is poisoned.
You hit the lindwurm.
The lindwurm looks as sick as possible!
The lindwurm is lightly wounded.
The lindwurm bites you!!
* * * LOW HITPOINT WARNING * * *
The lindwurm closely misses you. The lindwurm barely misses you.
You hit the lindwurm.
The lindwurm looks as sick as possible!
You squeeze the lindwurm.
The lindwurm is lightly wounded.
You hit the lindwurm but do no damage.
The lindwurm looks as sick as possible!
You squeeze the lindwurm, but do no damage.
The lindwurm is moderately wounded.
Unknown command.
You hit the lindwurm.
The lindwurm looks as sick as possible!
The lindwurm is moderately wounded.
The yaktaur captain misses you. The lindwurm breathes flames at you.
The blast of flame hits you!!!
Ouch! That really hurt!
You die...

### .. #...#### ..°
#$.z@)z## ..
############~~#+++#+++#
###########~~~@........
##........#~~~~.##+##.
##...⌠....#Y~~~##...##
##..∩.∩...#kc~~#.)#..#
##.∩.∩.∩..#@~####...####
##∩.∩...∩.#~##.###+###.##
##.∩...∩.∩#~#...##.##...#
##∩.....∩.+~'###'.<.+##.+
##.......∩#~#...##.##...# .
#▓▓▓▓▓▓▓###~##.###'###†##..
##!.G######~~####..# ###~~.
#$..#GG ##~~~#.†## ~~~~
#∩P!+.G# #+#~##.# ~~§~~


You could see Kirke, a yaktaur captain (very poisoned), an elephant, a great orb
of eyes, a skeletal warrior and a lindwurm (summoned, extremely poisoned,
catching breath).

Vanquished Creatures
  2 boulder beetles (D)
  A merfolk siren (D)
  A kobold demonologist (D)
  Menkaure (D)
  A water moccasin (D)
  4 necrophages (D)
  A hell rat (D)
  2 worms (D)
13 creatures vanquished.

Notes
Turn   | Place    | Note
-------+----------+-------------------------------------------
     0 | D        | Arandomuser85 the Octopode Brigand began the quest for the
                  | Orb.
     0 | D        | Reached XP level 1. HP: 14/14 MP: 1/1
     1 | D        | Noticed a necrophage
     1 | D        | Noticed a necrophage
     1 | D        | Noticed a necrophage
     1 | D        | Noticed a necrophage
     6 | D        | Killed a necrophage
     7 | D        | Reached skill level 9 in Stealth
     7 | D        | Reached XP level 2. HP: 13/20 MP: 2/2
     7 | D        | Reached XP level 3. HP: 16/25 MP: 3/3
     7 | D        | Reached XP level 4. HP: 19/30 MP: 4/4
     9 | D        | Killed a necrophage
    10 | D        | Reached skill level 11 in Stealth
    10 | D        | Reached XP level 5. HP: 18/36 MP: 5/5
    12 | D        | Reached skill level 12 in Stealth
    17 | D        | Reached skill level 5 in Short Blades
    17 | D        | Reached skill level 5 in Dodging
    17 | D        | Reached skill level 13 in Stealth
    17 | D        | Reached XP level 6. HP: 19/43 MP: 6/6
   219 | D        | Noticed a boulder beetle
   219 | D        | Noticed a boulder beetle
   222 | D        | Killed a boulder beetle
   223 | D        | Reached skill level 5 in Fighting
   223 | D        | Reached skill level 17 in Stealth
   223 | D        | Reached XP level 7. HP: 50/50 MP: 7/7
   225 | D        | Killed a boulder beetle
   226 | D        | Reached skill level 19 in Stealth
   226 | D        | Reached XP level 8. HP: 57/57 MP: 8/8
   232 | D        | Noticed a merfolk siren
   235 | D        | Killed a merfolk siren
   236 | D        | Reached skill level 20 in Stealth
   236 | D        | Reached XP level 9. HP: 62/62 MP: 9/9
   385 | D        | Noticed an ice statue
   398 | D        | Found Kiewinn's Jewellery Shop.
   399 | D        | Found Gusidit's Distillery.
   399 | D        | Found Atsov's Book Shop.
   399 | D        | Found Coukurph's Antique Armour Shop.
   399 | D        | Found Ceorav's Distillery.
   399 | D        | Found Zokar's Antique Weapon Shop.
   399 | D        | Found Letab's Book Shop.
   400 | D        | Found Azasum's Armour Boutique.
   400 | D        | Found Fuoj Qaz's Magic Scroll Shop.
   400 | D        | Found Emeifeil's Jewellery Boutique.
   400 | D        | Noticed Menkaure
   405 | D        | Killed Menkaure
   415 | D        | Found Xep Goiwkuim's Antique Weapon Shop.
   415 | D        | Found Ugihaol's Antique Armour Boutique.
   415 | D        | Noticed an oklob plant
   416 | D        | Found Kaebuq's Jewellery Shop.
   416 | D        | Found Avidow's General Store.
   416 | D        | Found Ranixiz's Book Shoppe.
   421 | D        | Bought a glowing dagger for 150 gold pieces
   421 | D        | Bought a glowing short sword for 180 gold pieces
   423 | D        | Noticed a shining eye
   428 | D        | Noticed a shining eye
   429 | D        | Bought a +4 ring of evasion for 468 gold pieces
   431 | D        | Noticed a shining eye
   431 | D        | Noticed a great orb of eyes
   597 | D        | Noticed Kirke
   597 | D        | Noticed a kobold demonologist
   598 | D        | Noticed a centaur warrior
   599 | D        | Noticed an elephant
   599 | D        | Noticed a yaktaur captain
   600 | D        | Noticed a skeletal warrior
   607 | D        | Killed a kobold demonologist
   608 | D        | Reached skill level 21 in Stealth
   617 | D        | Noticed a lindwurm
   627 | D        | Killed from afar by a lindwurm

Illustrated notes

Levels and vault maps discovered:
D:        the_violet_keep_of_menkaure [sprint2_stairs_cluster_1,
          sprint2_shoproom, sprint2_temple, sprint2_basic_supplies,
          sprint2_obstacle_2, sprint2_obstacle_4, sprint2_obstacle_3,
          sprint2_obstacle_5, sprint2_obstacle_6, sprint2_timed_cluster_1,
          sprint2_smallroom_cluster_1, sprint2_smallroom_final_cluster_1,
          sprint2_transparent_cluster_1, sprint2_second_timed_cluster_1,
          sprint2_sniper_area_1, sprint2_heavy_combat_area_1,
          sprint2_mutation_trap_area_1, sprint2_forest_area_1,
          sprint2_light_combat_area_1, sprint2_behind_water_1,
          sprint2_near_end_vault_1]

Skill      XL: |  1  2  3  4  5  6  7  8  9 |
---------------+----------------------------+-----
Short Blades   | 3 4 5 7 8 9 |  9.5
Dodging        | 3 4 5 7 8 9 |  9.1
Stealth        | 9 11 13 17 19 20 21 | 21.3
Fighting       | 3 5 6 |  6.5
Throwing       | |  2.0

Action                   |  1- 3 |  4- 6 |  7- 9 || total
-------------------------+-------+-------+-------++-------
Melee: Dagger            |     2 |    10 |    41 ||    53
       Tentacles         |     2 |     4 |    14 ||    20
       Constrict         |     1 |     2 |     4 ||     7
       Punch             |       |       |     1 ||     1
  Use: Potion            |       |     1 |     3 ||     4
       Scroll            |       |       |     1 ||     1
 Stab: Sleeping          |     1 |     1 |     4 ||     6
Dodge: Dodged            |     2 |     1 |    16 ||    19
